 Dungeon Crawl Stone Soup version 0.20.1-1-g8b1a95d (webtiles) character file.

122 tidbits the Insei (level 4, -3/35 HPs)
             Began as a Demigod Transmuter on Aug 19, 2017.
             Slain by a gnoll
             ... wielding a +0 spear
              (12 damage)
             ... on level 5 of the Dungeon.
             The game lasted 00:10:05 (1368 turns).

tidbits the Insei (Demigod Transmuter)              Turns: 1368, Time: 00:10:06

Health: -3/35      AC:  2    Str: 13    XL:     4   Next: 50%
Magic:  4/10       EV: 20    Int: 19    God:
Gold:   85         SH:  0    Dex: 21    Spells: 1/7 levels left

rFire    . . .     SeeInvis .     - Unarmed
rCold    . . .     Gourm    .   (shield currently unavailable)
rNeg     . . .     Faith    .   (armour currently unavailable)
rPois    x         Spirit   .   (helmet currently unavailable)
rElec    .         Reflect  .   (cloak currently unavailable)
rCorr    .         Harm     .   (gloves currently unavailable)
MR       .....                  (boots currently unavailable)
Stlth    ++........             (no amulet)
Regen    0.2/turn               (no ring)
MPRegen  0.2/turn               (no ring)

@: spider-form (expiring)
A: high mp 1
a: End Transformation


You were on level 5 of the Dungeon.
You were not hungry.
You were a venomous arachnid creature.
You visited 1 branch of the dungeon, and saw 5 of its levels.

You collected 85 gold pieces.

Inventory:

Missiles
 a - an arrow
 e - 21 stones
 g - 11 tomahawks (quivered)
Armour
 b - a +0 robe (melded)
Scrolls
 k - a scroll of noise {unknown}
 l - a scroll of amnesia {unknown}
 n - a scroll of recharging {unknown}
 o - a scroll of identify {unknown}
 r - a scroll of remove curse {unknown}
Potions
 f - a potion of flight {unknown}
 h - a potion of invisibility {unknown}
 j - a potion of curing {unknown}
 m - a potion of experience {unknown}
Books
 c - a book of Changes

   Spells                             Type                      Level
   a - Beastly Appendage              Transmutation                1
   b - Sticks to Snakes               Transmutation                2
   c - Spider Form                    Transmutation/Poison         3
   d - Ice Form                       Ice/Transmutation            4
   e - Blade Hands                    Transmutation                5
 p - a book of Callings
   (You found it on level 3 of the Dungeon)

   Spells                             Type                      Level
   a - Summon Small Mammal            Summoning                    1
   b - Call Imp                       Summoning                    2
   c - Call Canine Familiar           Summoning                    3
   d - Summon Guardian Golem          Hexes/Summoning              3
   e - Summon Lightning Spire         Summoning/Air                4
   f - Summon Ice Beast               Ice/Summoning                4
Comestibles
 d - 4 bread rations
 i - 2 meat rations
 q - 4 chunks of flesh


   Skills:
 - Level 1.0 Fighting
 - Level 1.8 Dodging
 + Level 4.2 Unarmed Combat
 - Level 2.2 Spellcasting
 + Level 2.6 Transmutations


You had one spell level left.
You knew the following spells:

 Your Spells              Type           Power        Failure   Level  Hunger
e - Beastly Appendage     Tmut           ##....       16%         1    #......
k - Sticks to Snakes      Tmut           ##......     22%         2    ##.....
p - Spider Form           Tmut/Pois      #.........   50%         3    ###....


Dungeon Overview and Level Annotations

Branches:
Dungeon (5/15)
 Temple: D:4-7

Annotations:
D:2 Robin


Innate Abilities, Weirdness & Mutations

You have an increased reservoir of magic. (+10% MP)


Message History

You kill the orc!
The orc throws a tomahawk.
The tomahawk closely misses you.
You swap places.
The orc priest shouts!
The orc closely misses you.
Things that are here:
a flail; a ring mail; an orc corpse You bite the orc!
You kill the orc!
Your transformation is almost over.
You bite the orc priest!
The orc priest is poisoned.
The orc priest is severely wounded.
Your ball python closely misses the orc priest.
Your ball python grabs the orc priest.
Your ball python constricts the orc priest.
The orc priest completely misses you.
You hit the orc priest.
You kill the orc priest!
Your life force feels restored.
Items here: )) [ † a flail x2; a ring mail; an orc corpse You butcher the orc corpse.
Your transformation has ended.
Your +0 robe unmelds from your body.
q - 4 chunks of flesh (gained 3)
Things that are here:
a flail x2; a ring mail
g - 8 tomahawks (gained 2)
You see here a mace.
You swap places.
Things that are here:
a flail x2; a ring mail
g - 9 tomahawks (gained 1)
You swap places.
Things that are here:
a flail x2; a ring mail Your ball python withers and dies!
g - 10 tomahawks (gained 1)
g - 11 tomahawks (gained 1) Unknown command.
There is a stone staircase leading down here.
You climb downwards.
Found a scroll labeled OCSUM HAFAUS.
There is a stone staircase leading up here.
A gnoll and a gnoll shaman come into view.
The gnoll shaman shouts!
The gnoll moves out of view.
A gnoll comes into view. It is wielding a flail.
A gnoll comes into view. It is wielding a club.
Casting: Spider Form
Confirm with . or Enter, or press ? or * to list all spells.
You create a snake!
You now have 2 arrows.
The gnoll shouts!
The gnoll moves out of view.
Casting: Sticks to Snakes
Confirm with . or Enter, or press ? or * to list all spells.
You create a snake!
You now have 1 arrow.
The gnoll shaman hits your ball python with a whip!
Your ball python dies!
A ball python and a gnoll come into view.
Casting: Sticks to Snakes
Confirm with . or Enter, or press ? or * to list all spells.
You turn into a venomous arachnid creature.
Your +0 robe melds into your body.
A gnoll comes into view. It is wielding a whip.
You hit the gnoll shaman.
The gnoll shaman is moderately wounded.
Your ball python closely misses the gnoll shaman.
Your ball python barely misses the gnoll shaman.
You hit the gnoll shaman.
The gnoll shaman is moderately wounded.
The gnoll shaman hits you with a whip!
Your ball python bites the gnoll shaman.
Your ball python closely misses the gnoll shaman.
You hit the gnoll shaman but do no damage.
The gnoll shaman is moderately wounded.
Your ball python closely misses the gnoll shaman. x2
The gnoll hits you with a flail. The gnoll shaman closely misses you.
You hit the gnoll shaman but do no damage.
The gnoll shaman is poisoned.
The gnoll shaman is moderately wounded.
The ball python barely misses you. The ball python misses you.
Your ball python barely misses the gnoll shaman.
Your ball python grabs the gnoll shaman.
Your ball python constricts the gnoll shaman.
The gnoll misses you.
The gnoll shaman hits your ball python with a whip.
The gnoll hits you with a flail!
* * * LOW HITPOINT WARNING * * *
The ball python bites you but does no damage.
The ball python misses you.
Your transformation is almost over.
Your ball python bites the gnoll shaman.
Your ball python constricts the gnoll shaman.
The gnoll shaman hits your ball python with a whip!
Your ball python dies!
There is a stone staircase leading up here.
The ball python misses you. The ball python barely misses you.
The gnoll hits you from afar with a spear!
You die...

#.# .. +.... #.#.#
#.#.#
.########...#.#
............. ..
........g.## #...
###...sSgg##.....
.......g.g..g.....
..................
.####...#....?.###
#.###......... #.
#.#.#.#.## #.
#.#.#.# # #. ..#.#
# ..#.#


You could see a gnoll shaman, 5 gnolls and a ball python.

Vanquished Creatures
  An orc priest (D:4)
  Terence (D:3)
  An adder (D:2)
  4 worms (D:2)
  7 orcs
  A ball python (D:2)
  6 bats
  2 giant cockroaches
  3 goblins
  3 hobgoblins (D:1)
  A jackal (D:1)
  A quokka (D:3)
  5 frilled lizards
  3 kobolds
  5 rats
44 creatures vanquished.

Vanquished Creatures (collateral kills)
  A worm (D:2)
  A jackal (D:1)
2 creatures vanquished.

Grand Total: 46 creatures vanquished

Notes
Turn   | Place    | Note
-------+----------+-------------------------------------------
     0 | D:1      | tidbits the Demigod Transmuter began the quest for the Orb.
     0 | D:1      | Reached XP level 1. HP: 15/15 MP: 5/5
    41 | D:1      | Reached skill level 1 in Fighting
   117 | D:1      | Reached skill level 3 in Unarmed Combat
   299 | D:3      | Noticed an orc wizard
   340 | D:2      | Reached XP level 2. HP: 9/23 MP: 5/7
   344 | D:2      | Learned a level 2 spell: Sticks to Snakes
   375 | D:2      | Noticed Robin
   733 | D:2      | Reached XP level 3. HP: 16/28 MP: 3/8
   839 | D:2      | Reached skill level 2 in Spellcasting
   844 | D:2      | Learned a level 3 spell: Spider Form
  1114 | D:3      | Noticed Terence
  1123 | D:3      | Reached skill level 2 in Transmutations
  1133 | D:3      | Killed Terence
  1133 | D:3      | Reached skill level 4 in Unarmed Combat
  1133 | D:3      | Reached XP level 4. HP: 25/35 MP: 2/10
  1353 | D:5      | Entered Level 5 of the Dungeon
  1368 | D:5      | Slain by a gnoll

Skill      XL: |  1  2  3 |
---------------+----------+-----
Fighting       | 1 |  1.0
Unarmed Combat | 3 4 |  4.2
Spellcasting   | 2 |  2.2
Transmutations | 2 |  2.6
Dodging        | |  1.8

Action                   |  1- 3 |  4- 6 || total
-------------------------+-------+-------++-------
Melee: Unarmed           |   120 |    16 ||   136
       Headbutt          |    13 |       ||    13
       Kick              |     1 |       ||     1
       Punch             |     1 |       ||     1
 Cast: Beastly Appendage |    23 |       ||    23
       Sticks to Snakes  |     8 |     3 ||    11
       Spider Form       |     6 |     3 ||     9
 Stab: Sleeping          |       |     1 ||     1
  Eat: Fruit             |     2 |       ||     2
       Chunk             |     1 |     1 ||     2
Armor: Robe              |    18 |       ||    18
       Skin              |     1 |     2 ||     3
Dodge: Dodged            |    80 |    14 ||    94

Table legend:
 A = Turns spent in this place as a percentage of turns spent in the entire game.
 B = Non-inter-level travel turns spent in this place as a percentage of non-inter-level travel turns spent in the entire game.
 C = Inter-level travel turns spent in this place as a percentage of turns spent in this place.
 D = Turns resting spent in this place as a percentage of non-inter-level travel turns spent in this place.
 E = Turns spent auto-exploring this place as a percentage of non-inter-level travel turns spent in this place.
 F = Non-inter-level travel turns spent in this place divided by the number of levels of this place that you've seen.
                   A       B       C       D       E      F
               +-------+-------+-------+-------+-------+----------------------
         Total | 100.0 | 100.0 |   0.2 |   0.0 |   0.0 | 251.8
       Dungeon | 100.0 | 100.0 |   0.2 |   0.0 |   0.0 | 251.8
               +-------+-------+-------+-------+-------+----------------------

Table legend:
 A = Kills in this place as a percentage of kills in entire the game.
 B = Kills by you in this place as a percentage of kills by you in the entire game.
 C = Kills by friends in this place as a percentage of kills by friends in the entire game.
 D = Other kills in this place as a percentage of other kills in the entire game.
 E = Experience gained in this place as a percentage of experience gained in the entire game.
 F = Experience gained in this place divided by the number of levels of this place that you have seen.
                   A       B       C       D       E      F
               +-------+-------+-------+-------+-------+----------------------
         Total | 100.0 | 100.0 | 100.0 |  -nan | 100.0 |  35.0
       Dungeon | 100.0 | 100.0 | 100.0 |  -nan | 100.0 |  35.0
               +-------+-------+-------+-------+-------+----------------------

Vault maps used:
D:1:      lightli_arrival_quake
D:2:      minmay_pentomino_q2, uniq_robin
D:3:      marbit_many_paths, first_bread, uniq_terence, uniq_ijyb,
          uniq_crazy_yiuf_cottage
D:4:      cheibrodos_ashenzari_chains, uniq_grinder
D:5:      minmay_overflow_temple_star_quad
